cohdb
Replays
Latest Replays
All Replays
Popular Replays
Top Player Replays
Match Explorer
How It Works
Community
CoH3 Stats
Reddit
Sign in to upload your games and track your stats! →
Sign in with Steam
Match 42831277
Unlisted
Match 42831277
Overview
Messages
Build Orders
End
Royal Engineer Section
Construct Section Command Post
Selects Canadian Shock Battlegroup
Infantry Section
Vickers Machine Gun Team
Grenade Package
Infantry Section
Selects Attacking Spirit
Selects Canadian Shock Section
ML 3-inch Mortar Team
Construct Platoon Command Post
matjouz
Sarmynation
Can't fight fate
𝒈𝒖𝒈𝒖𝒄𝒉𝒐𝒐𝒌
0
0
Comments
sign in to comment!
No comments posted yet!